AoeStats
← KootH.

African Clearing

505374798Analyzed
4v4 RM · 23d ago on Sep 9, 2026· 35m 28s· 8 players
Game mode
Random Map
Map size
Large (8 player)
Population
200
Speed
Normal
Resources
Standard
Victory
Conquest
Starting age
Dark Age
Ending age
Imperial Age
RankedLock teamsTeams togetherTeam positionsShared explorationLock speedFull tech treeHidden civsTurbo modeCheats
Victory
Defeat
🇧🇷 Magyars · Brazil
1711
+8
🇺🇸 Poles · United States
1650
+11
🇲🇽 Burgundians · Mexico
1637
+11
🇲🇽 Sicilians · Mexico
1573
+14
🇨🇳 Vikings · China
1655
-16
🇨🇦 Slavs · Canada
1503
-10
🇲🇽 Teutons · Mexico
1500
-10
🇨🇴 Bulgarians · Colombia
1448
-8
The Lord Daniel
4:49 Loom
12:37 Feudal Age
15:42 Fletching
25:23 Castle Age
26:41 Double-Bit Axe
36:38 Wheelbarrow
Crosnay
6:15 Loom
6:24 Double-Bit Axe
14:28 Feudal Age
15:12 Horse Collar
17:59 Castle Age
16:11 Bow Saw
17:29 Wheelbarrow
23:50 Scale Barding Armor
24:42 Cavalier
25:50 Town Watch
28:42 Chain Barding Armor
33:01 Imperial Age
31:33 Forging
31:40 Hand Cart
31:29 Husbandry
34:20 Plate Barding Armor
JonnyTheMonkey
10:51 Loom
13:19 Feudal Age
13:51 Double-Bit Axe
14:23 Town Watch
16:18 Forging
17:50 Horse Collar
21:22 Fletching
24:32 Castle Age
23:55 Bloodlines
24:42 Gold Mining
25:06 Scale Barding Armor
25:39 Bow Saw
26:13 Bodkin Arrow
31:05 Pikeman
31:49 Padded Archer Armor
34:06 Wheelbarrow
Fs.churacoRS
9:23 Loom
11:38 Feudal Age
12:12 Double-Bit Axe
13:28 Horse Collar
23:33 Castle Age
25:21 Town Watch
Josh
13:18 Feudal Age
13:05 Loom
14:33 Double-Bit Axe
14:30 Horse Collar
17:46 Forging
18:20 Scale Barding Armor
20:35 Bloodlines
22:34 Fletching
25:56 Castle Age
26:16 Gold Mining
27:11 Bow Saw
27:31 Bodkin Arrow
27:21 Fishing Lines
29:29 Gillnets
30:31 Stone Mining
37:09 Imperial Age
KootH.
4:41 Loom
13:13 Feudal Age
14:32 Double-Bit Axe
17:00 Forging
23:52 Castle Age
23:18 Scale Barding Armor
23:24 Bloodlines
26:40 Wheelbarrow
34:10 Town Watch
35:19 Husbandry
小三輪司機
14:04 Feudal Age
12:22 Loom
14:14 Feudal Age
18:53 Castle Age
17:41 Double-Bit Axe
21:07 Scale Barding Armor
27:39 Forging
30:34 Wheelbarrow
29:49 Horse Collar
30:46 Bow Saw
33:23 Fletching
34:01 Scale Mail Armor
tim.13
4:30 Loom
14:03 Feudal Age
14:51 Double-Bit Axe
31:07 Castle Age
33:58 Castle Age
32:53 Horse Collar
Connection lost

Rejoining the realm…

Still unreachable

The connection could not be restored.

Session expired

The server has moved on; the page needs a fresh start.